 Dungeon Crawl Stone Soup version 0.28-b1 (webtiles) character file.

Game seed: 12907710173834309233

88 Descartes the Grasshopper (level 4, -1/26 (33) HPs)
             Began as a Formicid Warper on Jan 26, 2022.
             Slain by Terence (3 damage)
             ... on level 2 of the Dungeon.
             The game lasted 00:02:49 (2917 turns).

Descartes the Grasshopper (Formicid Warper)         Turns: 2917, Time: 00:02:50

HP:   -1/26 (33)    AC:  3    Str: 18    XL:     4   Next: 81%
MP:   7/7           EV: 11    Int: 12    God:
Gold: 57            SH:  0    Dex: 10    Spells: 7/7 levels left

rFire   . . .      SeeInvis +   a - +0 hand axe
rCold   . . .      Faith    .   (no shield)
rNeg    . . .      Spirit   .   b - +0 leather armour
rPois   .          Reflect  .   (helmet unavailable)
rElec   .          Harm     .   (no cloak)
rCorr   .          Rampage  .   (no gloves)
Will    .....                   (no boots)
Stlth   +.........              (no amulet)
HPRegen 0.08/turn               (no ring)
MPRegen 0.10/turn               (no ring)

@: heavily drained
A: permanent stasis, dig shafts and tunnels, antennae 3, four strong arms
a: Dig, Shaft Self


You were on level 2 of the Dungeon.
You visited 1 branch of the dungeon, and saw 2 of its levels.

You collected 57 gold pieces.

Inventory:

Hand Weapons
 a - a +0 hand axe (weapon)
Missiles
 c - 5 boomerangs of dispersal (quivered)
 e - 34 stones
Armour
 b - a +0 leather armour (worn)
 m - an orb of light
Scrolls
 g - a scroll of enchant armour {unknown}
 h - 3 scrolls of fog {unknown}
 i - a scroll of brand weapon {unknown}
 j - a scroll of fear {unknown}
 k - a scroll of identify {unknown}
Potions
 d - 2 potions of mutation {unknown}
 f - 2 potions of lignification {unknown}
 l - a potion of flight {unknown}
 n - a potion of resistance {unknown}


   Skills:
 - Level 2.1 Fighting
 - Level 2.0 Axes
 - Level 1.0 Throwing
 + Level 3.3 Armour
 - Level 1.7 Dodging
 - Level 2.1 Spellcasting
 + Level 3.8 Translocations


You had 7 spell levels left.
You didn't know any spells.
Your spell library contained the following spells:

 Spells                   Type           Power      Damage    Failure   Level
 Gell's Gravitas          Tloc           10%        N/A       21%         3
 Lesser Beckoning         Tloc           10%        N/A       21%         3
 Teleport Other           Tloc           10%        N/A       21%         3
 Manifold Assault         Tloc           10%        N/A       88%         5
 Blink                    Tloc           Unusable   N/A       N/A         2

Dungeon Overview and Level Annotations

Branches:
Dungeon (2/15)

Altars:

Shops:
D:2 =

Annotations:
D:2 Terence


Innate Abilities, Weirdness & Mutations

You cannot be hasted, slowed, berserked, paralysed or teleported.
You can dig through walls and to a lower floor.
You have a pair of large antennae on your head. (SInv)
Your four strong arms can wield two-handed weapons with a shield.


Message History

You extend your mandibles.
You dig through the rock wall.
You feel drained.
Terence bares his teeth.
You dig through the rock wall.
You feel drained.
You dig through the rock wall.
You feel drained.
You dig through the rock wall.
You feel drained.
You dig through the rock wall.
You feel drained.
You retract your mandibles.
You hit the hobgoblin.
The hobgoblin is severely wounded.
The hobgoblin hits you but does no damage.
The hobgoblin misses you.
You closely miss the hobgoblin.
The hobgoblin is severely wounded.
The hobgoblin hits you.
You hit the hobgoblin.
You kill the hobgoblin!
You barely miss Terence.
Terence is lightly wounded.
Terence says, "Don't bother to defend, it's pointless."
Terence barely misses you. Terence closely misses you.
You hit Terence but do no damage.
Terence is lightly wounded.
Terence hits you with a +0 falchion.
You hit Terence.
Terence is moderately wounded.
Terence hits you with a +0 falchion.
You hit Terence but do no damage.
Terence is moderately wounded.
Terence barely misses you.
You hit Terence.
Terence is heavily wounded.
Terence closely misses you.
You hit Terence but do no damage.
Terence is heavily wounded.
Terence hits you with a +0 falchion! x2
* * * LOW HITPOINT WARNING * * *
You barely miss Terence.
Terence is heavily wounded.
Terence hits you with a +0 falchion.
You die...

#...# ##.#
###### #.###
#.# #
#####.# ###
#.....#
#.##### #.#
{ #####.####
#....<##@##
#.#####{#@#
##.# ##{####
#..###{#####
#.....{....#
########...#
#h..# #...#
#.l.# #...#


You could see Terence.

Vanquished Creatures
  Jessica (D:2)
  An adder (D:2)
  A dart slug (D:1)
  6 ball pythons
  A bat (D:1)
  5 endoplasms (D:1)
  3 goblins (D:1)
  4 hobgoblins
  8 jackals
  4 kobolds (D:1)
  4 quokkas
  4 frilled lizards
  2 rats (D:1)
44 creatures vanquished.

Notes
Turn   | Place    | Note
-------+----------+-------------------------------------------
     0 | D:1      | Descartes the Formicid Warper began the quest for the Orb.
     0 | D:1      | Reached XP level 1. HP: 16/16 MP: 3/3
   344 | D:1      | Reached XP level 2. HP: 22/22 MP: 5/5
   849 | D:1      | Reached XP level 3. HP: 21/27 MP: 6/6
  2036 | D:2      | Reached XP level 4. HP: 26/33 MP: 7/7
  2527 | D:2      | Found Gotsew's Jewellery Boutique.
  2579 | D:2      | Noticed Jessica
  2596 | D:2      | Killed Jessica
  2898 | D:2      | Noticed Terence
  2917 | D:2      | Slain by Terence

Illustrated notes

Levels and vault maps discovered:
D:1:      dpeg_arrival_arbitrary_b, layout_basic
D:2:      layout_rooms, serial_shops, nicolae_diamond_shop, uniq_terence,
          uniq_jessica, uniq_natasha, uniq_crazy_yiuf_cottage

Skill      XL: |  1  2  3  4 |
---------------+-------------+-----
Translocations | 3 |  3.8
Armour         | 2 3 |  3.3
Fighting       | |  2.1
Axes           | |  2.0
Throwing       | |  1.0
Dodging        | |  1.7
Spellcasting   | |  2.1

Action                   |  1- 3 |  4- 6 || total
-------------------------+-------+-------++-------
Melee: Hand axe          |   139 |    56 ||   195
 Abil: Dig               |       |     1 ||     1
Armor: Leather armour    |    54 |    15 ||    69
Dodge: Dodged            |   111 |    42 ||   153
